 Dungeon Crawl Stone Soup version 0.21.1-1-g345015f (console) character file.

623 fly the Cudgeler (level 7, -7/78 HPs)
             Began as a Human Skald on June 5, 2018.
             Mangled by doot's ghost (16 damage)
             ... on level 5 of the Dungeon on June 8, 2018.
             The game lasted 00:09:52 (5149 turns).

fly the Cudgeler (Human Skald)                      Turns: 5149, Time: 00:09:53

Health: -7/78      AC:  7    Str: 18    XL:     7   Next: 75%
Magic:  0/11       EV: 13    Int: 14    God:
Gold:   193        SH:  0    Dex: 12    Spells: 10/11 levels left

rFire    + . .     SeeInvis .   a - +0 mace
rCold    . . .     Gourm    .   (no shield)
rNeg     . . .     Faith    .   y - +1 robe {rF+}
rPois    .         Spirit   +   (no helmet)
rElec    .         Reflect  .   (no cloak)
rCorr    .         Harm     .   r - +0 pair of gloves
MR       .....                  o - +2 pair of boots
Stlth    ..........             e - amulet of guardian spirit
HPRegen  0.23/turn              B - ring of wizardry
MPRegen  0.12/turn              (no ring)

@: berserking (expiring), very quick
A: no striking features
a: no special abilities


You were on level 5 of the Dungeon.
You were near starving.

You visited 1 branch of the dungeon, and saw 5 of its levels.

You collected 193 gold pieces.

Inventory:

Hand Weapons
 a - a +0 mace (weapon)
 b - a +1 rapier of holy wrath
Armour
 o - a +2 pair of boots (worn)
 r - a +0 pair of gloves (worn)
 y - a +1 robe of fire resistance (worn)
Jewellery
 e - an amulet of guardian spirit (around neck)
 B - a ring of wizardry (left hand)
Scrolls
 f - a scroll of fog {unknown}
 h - 3 scrolls of remove curse {unknown}
 i - 2 scrolls of blinking {unknown}
 j - 2 scrolls of enchant weapon {unknown}
 l - a scroll of magic mapping {unknown}
 m - 4 scrolls of identify
 v - 2 scrolls of amnesia {unknown}
 x - a scroll of teleportation {unknown}
 z - a scroll of enchant armour {unknown}
 D - a scroll of random uselessness {unknown}
Potions
 g - a potion of resistance
 k - 2 potions of curing
 n - a potion of heal wounds {unknown}
 q - a potion of cancellation {unknown}
 s - a potion of mutation {unknown}
 t - a potion of invisibility {unknown}
 u - a potion of degeneration {unknown}
 w - 2 potions of agility {unknown}
 C - a potion of lignification {unknown}
Books
 c - a book of Battle

   Spells                             Type                      Level
   a - Infusion                       Charms                       1
   b - Shroud of Golubria             Charms/Translocation         2
   c - Song of Slaying                Charms                       2
   d - Spectral Weapon                Hexes/Charms                 3
   e - Regeneration                   Charms/Necromancy            3
Comestibles
 d - 6 rations


   Skills:
 - Level 3.0 Fighting
 + Level 6.0 Maces & Flails
 - Level 3.4 Armour
 - Level 3.0 Dodging
 - Level 2.8 Spellcasting
 - Level 3.0 Charms


You had 10 spell levels left.
You knew the following spells:

 Your Spells              Type           Power        Failure   Level  Hunger
z - Infusion              Chrm           ##..         2%          1    #......


Dungeon Overview and Level Annotations

Branches:
Dungeon (5/15)             Temple (0/1) D:5

Altars:
Fedhas
Qazlal

Shops:
D:5 [

Annotations:
D:5 doot's ghost, novice TrHu


Message History

You sock the orc!
You kill the orc!
You barely miss doot's ghost. Doot's ghost closely misses you.
You sock doot's ghost!
Doot's ghost is lightly damaged.
Doot's ghost hits you!
You are near starving!
You thump doot's ghost!
Doot's ghost is moderately damaged.
Doot's ghost hits you!!
You sock doot's ghost!
Doot's ghost is heavily damaged.
You sock doot's ghost!
Doot's ghost is severely damaged.
Doot's ghost hits you!!
* * * LOW HITPOINT WARNING * * *
You barely miss doot's ghost.
Doot's ghost is severely damaged.
Doot's ghost hits you!!
You die...

#...# ##### #.#.# #...#
#.#.# ##### ....#
#.#.#####...# (o..#
#...........# .o..#
#......$....# #o(.#
#........?..#####
#..l#.##.#.#...........#
#.....##.#.#....@W.....#
#.###.#..#.#....)).....#
.o.# .##.#.#######...###
#.....##.#.# ......
##.##.##.#.# %.... ..#
##.#[# ..... #.# #.#
.... .. #.# .... #.. #.#


You could see doot's ghost.

Vanquished Creatures
  An ogre (D:4)
  Blork the orc (D:4)
  A scorpion (D:5)
  An orc priest (D:5)
  3 hounds (D:4)
  An orc wizard (D:5)
  Jessica (D:2)
  An iguana (D:3)
  3 worker ants
  4 adders
  An ooze (D:3)
  An adder skeleton (D:4)
  6 dart slugs
  A leopard gecko (D:4)
  9 orcs
  5 giant cockroaches
  5 goblins
  8 hobgoblins
  15 jackals
  3 kobolds (D:2)
  2 quokkas
  A ball python (D:4)
  11 bats
  6 frilled lizards
  8 rats
99 creatures vanquished.

Notes
Turn   | Place    | Note
-------+----------+-------------------------------------------
     0 | D:1      | fly the Human Skald began the quest for the Orb.
     0 | D:1      | Reached XP level 1. HP: 16/16 MP: 3/3
    64 | D:1      | Reached XP level 2. HP: 22/22 MP: 5/5
   338 | D:1      | Reached skill level 3 in Maces & Flails
   601 | D:1      | Reached XP level 3. HP: 27/27 MP: 6/6
  1030 | D:2      | Noticed Jessica
  1037 | D:2      | Killed Jessica
  1037 | D:2      | Reached skill level 4 in Maces & Flails
  1037 | D:2      | Reached XP level 4. HP: 33/33 MP: 7/7
  2105 | D:3      | Reached XP level 5. HP: 38/38 MP: 8/8
  2231 | D:3      | Found a stormy altar of Qazlal.
  2272 | D:3      | Reached skill level 5 in Maces & Flails
  2299 | D:3      | Found a blossoming altar of Fedhas.
  3020 | D:4      | Noticed an ogre
  3073 | D:3      | Reached XP level 6. HP: 10/44 MP: 4/9
  3413 | D:4      | Reached skill level 6 in Maces & Flails
  3566 | D:4      | Noticed an ogre
  3798 | D:5      | Entered Level 5 of the Dungeon
  3798 | D:5      | Noticed an ogre
  3800 | D:5      | Found Uciun's Antique Armour Shop.
  3804 | D:5      | Noticed an ice beast
  3823 | D:5      | Found a staircase to the Ecumenical Temple.
  4174 | D:4      | Killed an ogre
  4174 | D:4      | Reached XP level 7. HP: 51/51 MP: 8/10
  4644 | D:4      | Noticed Blork the orc
  4658 | D:4      | Killed Blork the orc
  5131 | D:5      | Noticed doot's ghost (novice TrHu)
  5149 | D:5      | Mangled by doot's ghost

Skill      XL: |  1  2  3  4  5  6  7 |
---------------+----------------------+-----
Maces & Flails | 3 4 5 6 |  6.0
Armour         | 2 3 |  3.4
Fighting       | 3 |  3.0
Dodging        | 3 |  3.0
Spellcasting   | |  2.8
Charms         | |  3.0

Action                   |  1- 3 |  4- 6 |  7- 9 || total
-------------------------+-------+-------+-------++-------
Melee: Mace              |    95 |   312 |   109 ||   516
       Rapier            |       |     6 |       ||     6
 Cast: Infusion          |     1 |       |       ||     1
  Use: Potion            |       |     2 |     1 ||     3
       Scroll            |       |     2 |       ||     2
  Eat: Chunk             |       |    11 |     2 ||    13
Armor: Leather armour    |    31 |       |       ||    31
       Ring mail         |    14 |   188 |    35 ||   237
       Robe              |       |       |    14 ||    14
Dodge: Dodged            |    78 |   250 |    61 ||   389
